 Dungeon Crawl Stone Soup version 0.18.1-50-g88ac8fd (webtiles) character file.

62 Hawkwind the Shield-Bearer (level 4, 4/29 HPs)
             Began as a Gargoyle Fighter on May 25, 2019.
             Drowned
             ... in a sewer.
             The game lasted 00:04:16 (481 turns).

Hawkwind the Shield-Bearer (Gargoyle Fighter)        Turns: 481, Time: 00:04:17

Health: 4/29       AC: 10    Str: 20    XL:     4   Next: 8%
Magic:  4/4        EV:  7    Int:  9    God:
Gold:   9          SH:  9    Dex:  9    Spells: 0 memorised, 3 levels left

rFire  . . .     SeeInvis .     a - +0 trident
rCold  . . .     Gourm    .     b - +0 scale mail
rNeg   + . .     Faith    .     c - +0 shield
rPois  ∞         Spirit   .     (no helmet)
rElec  +         Dismiss  .     (no cloak)
rCorr  .         Reflect  .     (no gloves)
SustAt .         Harm     .     (no boots)
MR     .....                    (no amulet)
Stlth  ..........               (no ring)
                                j - ring of flight

@: not resistant to hostile enchantments, extremely unstealthy
A: negative energy resistance 1, electricity resistance, unbreathing,
petrification resistance, rot immunity, AC +3
a: Evoke Flight


You were in a sewer.
You were not hungry.

You visited 1 branch of the dungeon, and saw 3 of its levels.
You also visited: Sewer.

You collected 9 gold pieces.

Inventory:

Hand Weapons
 a - a +0 trident (weapon)
Armour
 b - a +0 scale mail (worn)
 c - a +0 shield (worn)
Jewellery
 j - a ring of flight (left hand)
Wands
 h - a wand of heal wounds (3/9)
Scrolls
 e - a scroll of random uselessness {unknown}
 g - 2 scrolls of remove curse {unknown}
Potions
 d - a potion of might
 i - a potion of flight {unknown}
Comestibles
 f - a bread ration


   Skills:
 + Level 3.7 Fighting
 + Level 1.8 Polearms
 + Level 3.8 Armour
 * Level 0.7 Dodging
 + Level 4.3 Shields


You had 3 spell levels left.
You didn't know any spells.

Dungeon Overview and Level Annotations

Branches:
Dungeon (3/15)

Altars:
Vehumet


Innate Abilities, Weirdness & Mutations

You are resistant to torment.
Your stone body is resilient (AC +3).
You are immune to poison.
You resist negative energy.
You are resistant to electric shocks.
You can survive without breathing.
You are immune to petrification.
You are immune to rotting.


Message History

You block the adder's attack. The giant newt barely misses you.
Your shield and scale mail prevent you from hitting the adder.
The adder is almost dead.
You block the adder's attack.
The rat splashes around in the water.
The giant newt barely misses you.
You closely miss the adder.
The adder is almost dead.
You block the adder's attack.
The rat splashes around in the water.
You block the giant newt's attack. The adder completely misses you.
You closely miss the adder.
The adder is severely wounded.
The adder barely misses you.
The rat splashes around in the water.
You block the giant newt's attack. The adder bites you but does no damage.
You block the rat's attack. You block the giant newt's attack.
You miss the adder.
The adder is severely wounded.
You float gracefully downwards.
You fall into the water!
You sink like a stone!
You fall apart...
You die...

.......###
.........##
###
..........##
##..
#........#
#...
#......##
#..∩
##††....#
#...
#r.≈≈..#
#...
#rl≈≈≈≈#
#≈≈≈
#@S†≈≈≈#
#≈≈≈
#≈≈≈≈≈≈#
#≈≈≈
#≈≈≈≈≈≈#
#≈≈≈
#≈≈≈≈≈≈#
#≈≈≈
#≈≈≈≈≈≈#
#≈≈≈
#≈≈≈≈≈≈#
#≈≈≈
#≈≈≈≈≈≈#
#≈≈≈
#≈≈≈≈≈≈#
#≈≈≈
#≈≈≈≈≈≈#
#≈≈≈


You could see an adder, a giant newt and 2 rats.

Vanquished Creatures
  Ijyb (D:2)
  2 adders
  A dart slug (D:1)
  3 ball pythons (Sewer)
  2 giant cockroaches
  A bat (D:2)
  A giant newt (D:2)
  14 rats
25 creatures vanquished.

Notes
Turn   | Place    | Note
--------------------------------------------------------------
     0 | D:1      | Hawkwind the Gargoyle Fighter began the quest for the Orb.
     0 | D:1      | Reached XP level 1. HP: 14/14 MP: 1/1
   135 | D:2      | Noticed Ijyb
   165 | D:2      | Killed Ijyb
   165 | D:2      | Reached XP level 2. HP: 14/19 MP: 2/2
   165 | D:2      | Reached XP level 3. HP: 18/23 MP: 3/3
   213 | D:2      | Reached skill level 4 in Shields
   304 | D:3      | Found a radiant altar of Vehumet.
   325 | D:3      | Found a glowing drain.
   347 | Sewer    | Entered a sewer
   430 | Sewer    | Reached XP level 4. HP: 29/29 MP: 2/4
   481 | Sewer    | Drowned

Skill      XL: |  1  2  3 |
---------------+----------+-----
Shields        | 4 |  4.3
Fighting       | |  3.7
Polearms       | |  1.8
Armour         | |  3.8
Dodging        | |  0.7

Action                   |  1- 3 |  4- 6 || total
-------------------------+-------+-------++-------
Melee: Trident           |    76 |    38 ||   114
 Abil: Evoke Flight      |     2 |     1 ||     3
Armor: Scale mail        |    50 |    69 ||   119
Dodge: Dodged            |    31 |    40 ||    71
Block: Shield            |    54 |    46 ||   100
